 Dungeon Crawl Stone Soup version 0.31-a0-1626-g5cb510d322 (webtiles) character file.

Game seed: 776464796510672643

1110 voltaire321 the Digger (level 8, 0/58 HPs)
             Began as a Demonspawn Earth Elementalist on Jan 12, 2024.
             Slain by a wight
             ... wielding a +2 scimitar
              (10 damage)
             ... on level 5 of the Dungeon.
             The game lasted 00:15:39 (5291 turns).

voltaire321 the Digger (DsEE)                       Turns: 5291, Time: 00:15:39

Health: 0/58       AC: 12    Str: 23    XL:     8   Next: 11%
Magic:  13/13      EV: 12    Int: 18    God:
Gold:   153        SH:  0    Dex: 13    Spells: 7/14 levels left

rFire   . . .        q - +4 mace of Yredelemnul's Esteem {vamp, rPois Will- Int+2}
rCold   . . .        (no shield)
rNeg    . . .        B - +0 ring mail
rPois   +            u - +2 helmet
rElec   .            (no cloak)
rCorr   .            (gloves unavailable)
SInv    .            d - +2 pair of boots
Will    .....        v - amulet of magic regeneration
Stlth   +            g - +6 ring of strength
HPRegen 0.29/turn    t - +6 ring of strength
MPRegen 0.66/turn

%: no passive effects
@: about to teleport
A: claws 3, magic regeneration
a: no special abilities


You were on level 5 of the Dungeon.
You visited 1 branch of the dungeon, and saw 6 of its levels.

You collected 175 gold pieces.
You spent 22 gold pieces at shops.

Inventory:

Hand Weapons
 q - the +4 mace of Yredelemnul's Esteem (weapon) {vamp, rPois Will- Int+2}
   (You found it on level 3 of the Dungeon)

   Int+2:     It affects your intelligence (+2).
   rPois:     It protects you from poison Will-: It decreases your willpower.
 w - the +7 dagger "Lidwazaa" {antimagic, +Blink rF+++ rCorr Int-3}
   (You found it on level 4 of the Dungeon)

   Int-3:     It affects your intelligence (-3).
   rF+++:     It renders you almost immune to fire.
   +Blink:    It lets you blink.
   rCorr:     It protects you from acid and corrosion.
 x - a +1 dagger of venom
Missiles
 D - a throwing net
Armour
 d - a +2 pair of boots (worn)
 u - a +2 helmet (worn)
 B - a +0 ring mail (worn)
Jewellery
 g - a +6 ring of strength (left claw)
 s - an amulet of guardian spirit
 t - a +6 ring of strength (right claw)
 v - an amulet of magic regeneration (around neck)
 y - a +6 ring of dexterity
 C - a ring of positive energy
Wands
 F - a wand of mindburst (11)
Scrolls
 a - a scroll of enchant armour {unknown}
 e - 2 scrolls of noise {unknown}
 f - a scroll of immolation {unknown}
 h - a scroll of silence {unknown}
 j - 2 scrolls of vulnerability {unknown}
 k - a scroll of amnesia {unknown}
 l - a scroll of butterflies {unknown}
 p - 2 scrolls of teleportation
 A - a scroll of fear {unknown}
 E - a scroll of poison {unknown}
 G - a scroll of identify
Potions
 b - a potion of magic
 c - 2 potions of attraction {unknown}
 i - a potion of enlightenment
 m - 2 potions of mutation
 o - a potion of haste
 r - a potion of brilliance {unknown}
 z - a potion of lignification {unknown}


   Skills:
 + Level 3.5 Fighting
 + Level 3.2 Armour
 + Level 3.8 Dodging
 - Level 1.7 Stealth
 + Level 3.8 Spellcasting
 + Level 3.8 Conjurations
 + Level 4.8 Earth Magic


You had 7 spell levels left.
You knew the following spells:

 Your Spells              Type           Power      Damage    Failure   Level
a - Sandblast             Erth           40%        2d10      3%          1
b - Passwall              Erth           20%        N/A       10%         3
c - Stone Arrow           Conj/Erth      36%        3d9       12%         3

Your spell library contained the following spells:

 Spells                   Type           Power      Damage    Failure   Level
 Ensorcelled Hibernation  Hex/Ice        6%         N/A       34%         2
 Scorch                   Fire           6%         2d5       34%         2
 Brom's Barrelling Bould  Conj/Erth      18%        2d4       36%         4
 Fugue of the Fallen      Necr           3%         N/A       56%         3
 Summon Ice Beast         Ice/Summ       3%         N/A       56%         3
 Petrify                  Alch/Erth      12%        N/A       65%         4
 Flame Wave               Conj/Fire      10%        2d6       71%         4
 Anguish                  Hex/Necr       1%         N/A       93%         4
 Summon Mana Viper        Hex/Summ       3%         N/A       100%        5
 Summon Cactus Giant      Summ           1%         N/A       100%        6
 Monstrous Menagerie      Summ           1%         N/A       100%        7


Dungeon Overview and Level Annotations

Branches:
Dungeon (6/15)
 Temple: D:4-7

Altars:
Cheibriados
Dithmenos
Ru
Yredelemnul

Shops:
D:1 ?


Innate Abilities, Weirdness & Mutations

You have claws for hands.
You regenerate magic rapidly.


Message History

You climb upwards.
There is a stone staircase leading down, spattered with blood here.
Aiming: Sandblast (safe; 3% risk of failure)
Press: ? - help, Q - select action, (/) - cycle Shift-Dir - straight line, f - orc priest
Aim: an orc priest, wielding a +0 hand axe (83% to hit)
The blast of sand hits the orc priest!
The orc priest is almost dead.
The orc priest barely misses you. The wight barely misses you.
The orc hits you with a +0 hand axe. The orc warrior closely misses you.
The orc priest misses you. The orc hits you but does no damage.
The orc warrior hits you with a +0 mace.
The wight misses you.
As you read the scroll of teleportation, it crumbles to dust.
You feel strangely unstable.
The orc priest mumbles some strange prayers to Beogh against you.
Pain shoots through your body! The wight hits you with a +2 scimitar!
* * * LOW HITPOINT WARNING * * *
The orc hits you with a +0 hand axe.
* * * LOW HITPOINT WARNING * * *
The orc warrior hits you but does no damage.
Aiming: Sandblast (safe; 3% risk of failure)
Press: ? - help, Q - select action, (/) - cycle Shift-Dir - straight line, f/p - orc priest
Aim: an orc priest, wielding a +0 hand axe (almost dead, 83% to hit)
The blast of sand hits the orc priest.
You kill the orc priest!
The orc warrior hits you but does no damage.
The wight hits you with a +2 scimitar.
* * * LOW HITPOINT WARNING * * *
You feel drained.
* * * LOW HITPOINT WARNING * * *
Your life force feels restored.
Aiming: Sandblast (safe; 3% risk of failure)
Press: ? - help, Q - select action, (/) - cycle Shift-Dir - straight line, f - wight
Aim: a wight, wielding a +2 scimitar and wearing a +0 robe (83% to hit)
The blast of sand hits the wight.
The wight is lightly damaged.
The orc hits you but does no damage.
The orc warrior hits you but does no damage.
The orc hits you but does no damage. The wight hits you with a +2 scimitar!
You die...

##............
#.............
###.........##
##########.#.......##
##)......######...###.
#.8#####8.#####.......
#.##...##.##.......... ###
#.#.8o8.#.#.)......... ##.#
#...z@o.#.'....##.....
##..###.#.8o8.#.#....#.(....
#....##.##...##.####........
##....#.8#####8.##.....#....
#....##.......##......#....
##....#########............
##.#......................
###..##.............##.##
#####..........#..#..##


You could see an orc warrior, a wight and 2 orcs.

Vanquished Creatures
  A water moccasin (D:5)
  An orc warrior (D:5)
  An ice beast (D:6)
  An ogre (D:5)
  2 scorpions (D:5)
  2 bombardier beetles
  A howler monkey (D:4)
  4 hounds
  A gnoll bouda (D:5)
  An orc priest (D:5)
  An iguana (D:4)
  2 orc wizards (D:3)
  Robin (D:3)
  7 gnolls
  5 adders
  A white imp (D:5)
  2 ribbon worms
  5 dart slugs
  6 orcs
  6 ball pythons
  3 bats
  10 endoplasms
  12 giant cockroaches
  10 goblins
  11 hobgoblins
  2 jackals (D:4)
  5 kobolds
  A quokka (D:2)
  2 frilled lizards
  A rat (D:1)
108 creatures vanquished.

Notes
Turn   | Place    | Note
-------+----------+-------------------------------------------
     0 | D:1      | voltaire321 the Demonspawn Earth Elementalist began the
                  | quest for the Orb.
     0 | D:1      | Reached XP level 1. HP: 13/13 MP: 3/3
   101 | D:1      | Gained mutation: You have sharp fingernails. [demonic
                  | ancestry]
   101 | D:1      | Reached XP level 2. HP: 20/20 MP: 0/5
   381 | D:1      | Found Tuzeem's Magic Scroll Shoppe.
   385 | D:1      | Bought a scroll of identify for 22 gold pieces
   916 | D:2      | Reached skill level 3 in Earth Magic
  1028 | D:2      | Gained mutation: You have very sharp fingernails. [demonic
                  | ancestry]
  1028 | D:2      | Reached XP level 3. HP: 25/25 MP: 2/6
  1418 | D:2      | Reached skill level 1 in Fighting
  1478 | D:2      | Reached skill level 1 in Armour
  1875 | D:2      | Found a faded altar of an unknown god.
  2041 | D:3      | Identified the +4 mace of Yredelemnul's Esteem {vamp, rPois
                  | Will- Int+2}
  2074 | D:3      | Reached XP level 4. HP: 26/32 MP: 4/7
  2255 | D:3      | Learned a level 3 spell: Passwall
  2259 | D:3      | Learned a level 3 spell: Stone Arrow
  2491 | D:3      | Noticed Robin
  2493 | D:3      | Gained mutation: You have claws for hands. [demonic
                  | ancestry]
  2493 | D:3      | Reached XP level 5. HP: 37/37 MP: 6/8
  3015 | D:3      | Killed Robin
  3371 | D:4      | Gained mutation: You regenerate magic rapidly. [demonic
                  | ancestry]
  3371 | D:4      | Reached XP level 6. HP: 44/44 MP: 7/10
  3475 | D:4      | Reached skill level 4 in Earth Magic
  3507 | D:4      | Identified the +7 dagger "Lidwazaa" {antimagic, +Blink
                  | rF+++ rCorr Int-3}
  3578 | D:4      | Found a sacrificial altar of Ru.
  3621 | D:4      | Found a basalt altar of Yredelemnul.
  4027 | D:5      | Entered Level 5 of the Dungeon
  4166 | D:5      | Reached XP level 7. HP: 48/51 MP: 9/11
  4249 | D:5      | Found a shadowy altar of Dithmenos.
  4753 | D:5      | Found a snail-covered altar of Cheibriados.
  5096 | D:5      | Reached XP level 8. HP: 6/58 MP: 10/13
  5291 | D:5      | Slain by a wight

Illustrated notes

Levels and vault maps discovered:
D:1:      amcnicky_arrival_flooded_fountain, layout_basic, serial_shops, shop
D:2:      minmay_roachtagon, layout_basic,
          shapermc_ecumenical_altar_mp_urbaneastern
D:3:      layout_rooms, uniq_robin
D:4:      layout_loops_ring, yredelemnul_altar_generic,
          nicolae_ru_sacrificial_ziggurat
D:5:      layout_cave_pools, kennysheep_mini, mainiacjoe_overflow_brackets,
          grunt_ministairs_11, minmay_checkerbox
D:6:      layout_basic, okawaru_gym_becter, lemuel_coloured_pillars_altar,
          lemuel_crystal_altar, minmay_temple_entry_glass, serial_shops,
          nicolae_shop_temple_entry_statues_fountains, nicolae_shop_fire_sale
          [nicolae_sub_dead_trees], uniq_duvessa, uniq_eustachio, uniq_jeremiah

Skill      XL: |  1  2  3  4  5  6  7 |
---------------+----------------------+-----
Earth Magic    | 3 4 |  4.8
Dodging        | 2 3 |  3.8
Fighting       | 1 2 3 |  3.5
Armour         | 1 2 3 |  3.2
Conjurations   | 2 3 |  3.8
Spellcasting   | 3 |  3.8
Stealth        | |  1.7

Action                     |  1- 3 |  4- 6 |  7- 9 || total
---------------------------+-------+-------+-------++-------
  Melee: Dagger            |    28 |    10 |       ||    38
         Unarmed           |    11 |       |       ||    11
         Mace              |       |    24 |    15 ||    39
   Cast: Sandblast         |    57 |    80 |    61 ||   198
         Stone Arrow       |       |       |     5 ||     5
    Use: Scroll            |       |     4 |     2 ||     6
         Potion            |       |       |     2 ||     2
 Armour: Robe              |    35 |    72 |    11 ||   118
         Ring mail         |       |       |    90 ||    90
  Dodge: Dodged            |    40 |    63 |    85 ||   188

Table legend: (Time is in decaauts)
 A = Elapsed time spent in this place.
 B = Non-inter-level travel time spent in this place.
 C = Inter-level travel time spent in this place.
 D = Time resting spent in this place.
 E = Time spent auto-exploring this place.
 F = Levels seen in this place.
 G = Mean time per level.
                   A        B        C        D        E       F      G
               +--------+--------+--------+--------+--------+-----+--------+
         Total |   5409 |   5331 |     78 |   1358 |   2764 |   6 |  901.5 |
       Dungeon |   5409 |   5331 |     78 |   1358 |   2764 |   6 |  901.5 |
               +--------+--------+--------+--------+--------+-----+--------+

Top non-repeatable levels by time:
     D:2: 1550 daAuts
     D:4: 1060 daAuts
     D:5: 1038 daAuts
     D:1: 914 daAuts
     D:3: 743 daAuts
     D:6: 102 daAuts
